 Dungeon Crawl Stone Soup version 0.29-a0-902-g0f71de6fce (webtiles) character file.

Game seed: 17607248632801717273

95986 Aviak the Warrior (level 17, -2/243 HPs)
             Began as a Meteoran Berserker on July 24, 2022.
             Was a High Priest of Trog.
             Killed from afar by a salamander tyrant (12 damage)
             ... with a flame surge
             ... on level 2 of the Snake Pit.
             The game lasted 01:05:27 (11323 turns).

Aviak the Warrior (Meteoran Berserker)             Turns: 11323, Time: 01:05:27

Health: -2/243     AC: 18    Str: 33    XL:     17   Next: 20%
Magic:  0/18       EV: 17    Int:  9    God:    Trog [*****.]
Gold:   360        SH: 13    Dex: 17    Spells: 16/16 levels left

rFire   + + .      SeeInvis +   Y - +7 trident (freeze)
rCold   + . .      Faith    .   z - +0 kite shield
rNeg    + + .      Spirit   +   J - +1 scale mail {rF+}
rPois   +          Reflect  .   X - +2 helmet "Voetiut" {*Slow rN++ Slay+6 SInv}
rElec   .          Harm     .   T - scarf {rC+ rF+}
rCorr   .          Rampage  .   W - +2 pair of gloves {Dex+3}
Will    ++...                   S - +0 pair of boots
Stlth   ..........              u - amulet of guardian spirit
HPRegen 0.50/turn               E - +6 ring of strength
MPRegen 0.16/turn               P - ring of poison resistance

@: berserking, weakened, glowing, very quick
A: sense surroundings 2, otherworldly, glowing, explore regen
a: Renounce Religion, Berserk, Trog's Hand, Brothers in Arms


You were on level 2 of the Snake Pit.
You worshipped Trog.
Trog was extremely pleased with you.
You visited 4 branches of the dungeon, and saw 22 of its levels.
You also visited: Sewer.

You collected 1812 gold pieces.
You spent 1452 gold pieces at shops.

Inventory:

Hand Weapons
 Y - a +7 trident of freezing (weapon)
Armour
 w - a scarf of repulsion
 z - a +0 kite shield (worn)
 J - a +1 scale mail of fire resistance (worn)
 S - a +0 pair of boots (worn)
 T - a scarf of resistance (worn)
 W - a +2 pair of gloves of dexterity (worn)
 X - the +2 helmet "Voetiut" (worn) {*Slow rN++ Slay+6 SInv}
   (You bought it in a shop on level 9 of the Dungeon)

   Slay:      It affects your accuracy & damage with ranged weapons and melee
   (+6).
   rN:        It greatly protects you from negative energy.
   SInv:      It lets you see invisible.
   *Slow:     It may slow you when you take damage.
Jewellery
 a - a +6 ring of strength
 q - a ring of resist corrosion
 u - an amulet of guardian spirit (around neck)
 E - a +6 ring of strength (left hand)
 G - a ring of ice
 N - the ring "Geass" {Fly SInv Stlth+}
   (You found it on level 9 of the Dungeon)

   [ring of flight]

   SInv:      It lets you see invisible.
   Fly:       It grants you flight.
   Stlth:     It makes you more stealthy.
 P - a ring of poison resistance (right hand)
Wands
 m - a wand of iceblast (10)
 r - a wand of paralysis (16)
 K - a wand of flame (25)
 O - a wand of light (5)
 Q - a wand of mindburst (8)
 U - a wand of digging (6)
 Z - a wand of polymorph (10)
Scrolls
 b - 5 scrolls of summoning {unknown}
 d - 6 scrolls of butterflies
 f - 5 scrolls of brand weapon
 i - 2 scrolls of identify
 j - 2 scrolls of immolation
 t - 11 scrolls of teleportation
 v - a scroll of enchant armour
 C - 3 scrolls of poison
 D - 7 scrolls of enchant weapon
 R - a scroll of torment {unknown}
 V - 3 scrolls of magic mapping
Potions
 c - 2 potions of curing
 e - 6 potions of mutation {!q}
 g - a potion of resistance
 k - 4 potions of lignification {!q}
 l - a potion of cancellation
 n - 2 potions of magic
 p - 2 potions of berserk rage
 A - a potion of ambrosia
 F - 2 potions of might
 I - 4 potions of attraction {unknown}
 L - 3 potions of haste {unknown}
 M - 3 potions of flight {unknown}
Miscellaneous
 H - a phial of floods


   Skills:
 + Level 17.4 Fighting
 - Level 14.0 Polearms
 + Level 11.8 Armour
 + Level 12.9 Dodging
 + Level 13.5 Shields
 - Level 13.0 Evocations


You had 16 spell levels left.
You didn't know any spells.
Your spell library was empty.

Dungeon Overview and Level Annotations

Branches:
Dungeon (13/15) Zot: 727   Temple (0/1) D:7            Lair (5/5) D:10 Zot: 575
 Shoals (0/4) Lair:3        Snake (2/4) Lair:2 Zot: 485   Slime (0/5) Lair:4
    Orc (2/2) D:9 Zot: 366     Elf (0/3) Orc:2        Vaults (0/5) D:13
  Sewer (visited)

Altars:
Cheibriados
Elyvilon
Hepliaklqana
Nemelex Xobeh
Qazlal
Uskayaw
Vehumet
Xom
The Shining One
Jiyva

Shops:
D:5 ?   D:7 (   D:9 [:*:   Orc:2 *((*   Snake:1 *[*(*

Annotations:
D:9 2 runed translucent doors


Innate Abilities, Weirdness & Mutations

You passively map the area around you.
You are easily found by Zot.
You glow in the dark.
You regain HP and MP as you explore.


Message History

* * * LOW HITPOINT WARNING * * *
Magic scrolls do not work when you're silenced!
You feel much better.
You block the salamander mystic's attack.
The salamander tyrant calls gouts of flame from the lava!
The flame surge hits you! You resist.
* * * LOW HITPOINT WARNING * * *
You barely miss the salamander tyrant.
The salamander tyrant is moderately wounded.
The salamander unwields a +0 shortbow of flaming.
It stops flaming.
The salamander wields a +0 great sword.
The salamander hits you with a +0 great sword!
* * * LOW HITPOINT WARNING * * *
You are engulfed in flames.
You resist.
* * * LOW HITPOINT WARNING * * *
The salamander mystic hits you with a +0 quarterstaff!
* * * LOW HITPOINT WARNING * * *
You are engulfed in flames.
You resist.
* * * LOW HITPOINT WARNING * * *
Okay, then.
Okay, then.
A red film seems to cover your vision as you go berserk!
You feel yourself moving faster!
You feel mighty!
The salamander tyrant gazes fiercely through you!
You feel as though you will be weak longer.
The salamander tyrant hits you.
* * * LOW HITPOINT WARNING * * *
You are engulfed in flames!
You resist.
* * * LOW HITPOINT WARNING * * *
You block the salamander mystic's attack.
The salamander hits you with a +0 great sword.
* * * LOW HITPOINT WARNING * * *
You are engulfed in flames.
You resist.
* * * LOW HITPOINT WARNING * * *
You puncture the salamander tyrant! You freeze the salamander tyrant.
The salamander tyrant is heavily wounded.
Your hearing returns.
The salamander tyrant calls gouts of flame from the lava!
The flame surge hits you! You resist.
You die...

#...#### ....##...
###....###### *....##...
####......#### ...###...
######....##.....#...
########...# #.#...
###≈§≈######.# #.#...
##§≈§≈≈≈≈## #.# #..#.)
##≈§.....≈≈###.## #.....
#≈≈...N@§§≈≈##..###.....
##..≈§.NN§.####.#...))).
#≈§§##.##§.≈# #.....#.).
##. #.. ##.## #.....#...
#§. #$.,#≈)§#*#....##...
*#.##$$ ##)###....###.†.
§.≈##8##≈.≈##....# #.##
##§#≈###≈#.###...## #.##
#≈..#≈#≈#..≈###### #.#


You could see a salamander tyrant, a salamander mystic and a salamander.

Vanquished Creatures
  An ettin (Orc:1)
  A boulder beetle (Lair:5)
  A salamander tyrant (Snake:2)
  4 hydras
  A catoblepas (Lair:1)
  An ogre mage (D:13)
  A death knight (D:13)
  4 naga warriors (Snake:1)
  Erolcha (D:13)
  4 centaur warriors (D:13)
  3 anacondas (Snake:1)
  10 two-headed ogres
  3 death yaks (D:10)
  3 orc high priests (Orc:1)
  A shock serpent (Snake:1)
  6 naga sharpshooters
  3 salamander mystics (Snake:2)
  6 orc knights
  A wizard (D:10)
  2 manticores (D:13)
  4 deep elf pyromancers
  6 orc sorcerers
  An ugly thing (D:13)
  4 cyclopes (D:13)
  4 salamanders (Snake:2)
  2 guardian serpents (Snake:1)
  2 naga magi (Snake:1)
  17 black mambas
  10 elephants
  7 cane toads
  2 torpor snails
  3 rime drakes
  Maggie (D:6)
  11 komodo dragons
  4 hornets (Lair:5)
  6 polar bears
  6 trolls
  5 blink frogs (Lair:4)
  7 slime creatures
  6 dream sheep (Lair:5)
  4 wraiths
  2 vampires
  12 spriggans (Lair:5)
  3 shadows
  28 yaks
  2 water elementals (D:11)
  A wyvern (Lair:2)
  5 basilisks
  6 vampire mosquitoes
  A steam dragon (D:7)
  2 hogs (Lair:5)
  Edmund (D:5)
  5 large abominations (D:10)
  10 nagas
  Duvessa (D:7)
  3 acid dragons
  22 water moccasins
  Pargi (Sewer)
  20 orc warriors
  5 black bears
  2 ice beasts
  A sky beast (D:7)
  2 ogres
  4 boggarts (Lair:5)
  20 wolves
  8 centaurs
  A phantom (D:7)
  7 small abominations (D:10)
  11 bullfrogs
  A necrophage (D:6)
  A kobold brigand (D:10)
  3 scorpions
  2 gnoll sergeants
  Dowan (D:7)
  12 killer bees
  5 howler monkeys (D:9)
  7 electric eels
  7 orc priests
  4 jellies (D:6)
  3 gnoll boudas
  3 hounds
  An iguana (D:6)
  24 orc wizards
  6 hell rats (Lair:5)
  22 gnolls
  5 adders
  3 white imps
  An ufetubus (D:4)
  2 worms
  2 dart slugs
  60 orcs
  4 bats
  6 endoplasms
  A giant cockroach (D:4)
  2 hobgoblins (D:2)
  4 jackals (D:3)
  3 quokkas
  3 ball pythons (D:2)
  A frilled lizard (D:3)
  9 goblins
  11 kobolds
  3 rats (D:1)
  A spectral goblin (D:11)
578 creatures vanquished.

Vanquished Creatures (collateral kills)
  Kirke (Lair:5)
  A very ugly thing (D:13)
  2 boulder beetles (D:13)
  A centaur warrior (D:13)
  A naga warrior (Snake:1)
  A naga sharpshooter (Snake:1)
  2 cyclopes (D:13)
  2 elephants (Lair:1)
  A cane toad (Lair:4)
  2 trolls
  A polar bear (shapeshifter) (D:13)
  4 slime creatures (D:11)
  5 yaks (Lair:5)
  2 hogs (Lair:5)
  2 nagas (Snake:1)
  4 orc warriors
  A centaur (D:11)
  2 orc priests (Orc:2)
  An orc wizard (Orc:1)
  2 orcs (Orc:2)
38 creatures vanquished.

Vanquished Creatures (others)
  19 fungi
  56 plants
75 creatures vanquished.

Grand Total: 691 creatures vanquished

Notes
Turn   | Place    | Note
-------+----------+-------------------------------------------
     0 | D:1      | Aviak the Meteoran Berserker began the quest for the Orb.
     0 | D:1      | Reached XP level 1. HP: 19/19 MP: 2/2
   131 | D:1      | Reached XP level 2. HP: 20/26 MP: 3/3
   389 | D:2      | Found a radiant altar of Vehumet.
   394 | D:2      | Reached XP level 3. HP: 31/31 MP: 4/4
   730 | D:3      | Reached ** piety under Trog
   733 | D:3      | Found a faded altar of an unknown god.
   745 | D:3      | Reached XP level 4. HP: 40/40 MP: 5/5
   820 | D:3      | Found a sparkling altar of Nemelex Xobeh.
   928 | D:4      | Reached skill level 4 in Fighting
   928 | D:4      | Reached XP level 5. HP: 46/46 MP: 6/6
   949 | D:4      | Found a white marble altar of Elyvilon.
  1191 | D:5      | Entered Level 5 of the Dungeon
  1195 | D:5      | Noticed an ice beast
  1208 | D:5      | Reached skill level 5 in Polearms
  1208 | D:5      | Reached XP level 6. HP: 53/53 MP: 7/7
  1219 | D:5      | Killed an ice beast
  1237 | D:5      | Reached skill level 5 in Fighting
  1237 | D:5      | Reached XP level 7. HP: 42/61 MP: 8/8
  1321 | D:5      | Reached skill level 5 in Armour
  1321 | D:5      | Reached skill level 1 in Shields
  1350 | D:5      | Noticed Edmund
  1370 | D:5      | Killed Edmund
  1396 | D:5      | Reached XP level 8. HP: 46/69 MP: 9/9
  1399 | D:5      | Found Juggomey's Magic Scroll Shoppe.
  1407 | D:5      | Bought a scroll of identify for 26 gold pieces
  1407 | D:5      | Bought a scroll of identify for 26 gold pieces
  1407 | D:5      | Bought a scroll of identify for 26 gold pieces
  1407 | D:5      | Bought a scroll of teleportation for 39 gold pieces
  1407 | D:5      | Bought 3 scrolls of teleportation for 117 gold pieces
  1423 | D:5      | Found a glowing golden altar of the Shining One.
  1469 | D:5      | Found a glowing drain.
  1490 | Sewer    | Entered a sewer
  1514 | Sewer    | Noticed Pargi
  1527 | Sewer    | Killed Pargi
  1611 | D:4      | Identified the +2 robe of Keakevee {rF+ Str+5}
  1838 | D:6      | Reached skill level 6 in Fighting
  2073 | D:6      | Gained mutation: You passively map the area around you.
                  | [Meteoran growth]
  2073 | D:6      | Reached XP level 9. HP: 78/78 MP: 10/10
  2088 | D:6      | Reached *** piety under Trog
  2114 | D:6      | Noticed Maggie
  2133 | D:6      | Killed Maggie
  2206 | D:6      | Reached skill level 5 in Shields
  2220 | D:6      | Reached skill level 7 in Fighting
  2325 | D:7      | Found a staircase to the Ecumenical Temple.
  2361 | D:7      | Found Fyshith's Weapon Emporium.
  2370 | D:7      | Noticed Dowan
  2373 | D:7      | Noticed Duvessa
  2382 | D:7      | Killed Duvessa
  2385 | D:7      | Killed Dowan
  2644 | D:7      | Reached XP level 10. HP: 79/88 MP: 11/11
  2664 | D:6      | Reached skill level 5 in Dodging
  2823 | D:7      | Found a radiant altar of Vehumet.
  2854 | D:7      | Reached skill level 8 in Fighting
  3058 | D:8      | You fall into a shaft and drop 1 floor!
  3140 | D:9      | Noticed a two-headed ogre
  3152 | D:9      | Killed a two-headed ogre
  3189 | D:9      | Found a large runed translucent door.
  3189 | D:9      | Found a large runed translucent door.
  3192 | D:9      | Noticed an eight-headed hydra
  3211 | D:9      | Noticed a deep elf pyromancer
  3227 | D:9      | Killed a deep elf pyromancer
  3228 | D:9      | Reached skill level 9 in Fighting
  3336 | D:9      | Reached XP level 11. HP: 69/97 MP: 12/12
  3363 | D:9      | Found a large runed translucent door.
  3363 | D:9      | Found a large runed translucent door.
  3384 | D:9      | Noticed a two-headed ogre
  3384 | D:9      | Noticed a two-headed ogre
  3386 | D:9      | Noticed a two-headed ogre
  3391 | D:9      | Killed a two-headed ogre
  3392 | D:9      | Reached skill level 10 in Polearms
  3399 | D:9      | Killed a two-headed ogre
  3403 | D:9      | Killed a two-headed ogre
  3561 | D:9      | Identified the +3 rapier of Isettino {spect, rF+++ Will-
                  | Dex+5}
  3724 | D:9      | Killed an eight-headed hydra
  3728 | D:9      | Reached skill level 10 in Fighting
  3770 | D:9      | Identified the ring "Geass" {Fly SInv Stlth+}
  3903 | D:8      | Found a hazy altar of Hepliaklqana.
  3903 | D:8      | Found a shimmering altar of Xom.
  3904 | D:8      | Found a snail-covered altar of Cheibriados.
  3945 | D:9      | Reached **** piety under Trog
  3959 | D:9      | Found Ylemuh's Book Shop.
  3990 | D:9      | Found Xecu's General Store.
  3996 | D:9      | Bought a scroll of identify for 28 gold pieces
  3996 | D:9      | Bought a scroll of enchant weapon for 105 gold pieces
  3996 | D:9      | Bought a +2 trident of venom for 226 gold pieces
  4013 | D:9      | Found Umoshracw's Antique Armour Emporium.
  4056 | D:9      | Found a staircase to the Orcish Mines.
  4073 | D:9      | Found Recokekhli's Book Emporium.
  4478 | D:8      | Reached skill level 1 in Evocations
  4485 | D:8      | Reached XP level 12. HP: 73/107 MP: 13/13
  4567 | D:10     | Entered Level 10 of the Dungeon
  4574 | D:10     | Noticed a two-headed ogre
  4580 | D:10     | Killed a two-headed ogre
  4667 | D:10     | Reached skill level 10 in Shields
  4727 | D:10     | Noticed a wizard
  4742 | D:10     | Killed a wizard
  4834 | D:10     | Reached skill level 11 in Fighting
  4910 | D:10     | Noticed a death yak
  4912 | D:10     | Found a staircase to the Lair.
  4913 | D:10     | Noticed a death yak
  4913 | D:10     | Noticed a death yak
  4928 | D:10     | Killed a death yak
  4936 | D:10     | Killed a death yak
  4937 | D:10     | Reached skill level 5 in Evocations
  4948 | D:10     | Killed a death yak
  5023 | D:10     | Found a stormy altar of Qazlal.
  5095 | D:10     | Noticed a two-headed ogre
  5105 | D:10     | Killed a two-headed ogre
  5120 | D:10     | Found a hide-covered altar of Uskayaw.
  5328 | Lair:1   | Entered Level 1 of the Lair of Beasts
  5353 | Lair:1   | Reached ***** piety under Trog
  5364 | Lair:1   | Reached XP level 13. HP: 117/117 MP: 11/14
  5429 | Lair:1   | Reached skill level 12 in Fighting
  5738 | Lair:1   | Noticed a catoblepas
  5754 | Lair:1   | Killed a catoblepas
  5771 | Lair:1   | Found the +7 captain's cutlass {speed, disarm}
  5922 | Lair:2   | Reached skill level 13 in Fighting
  6159 | Lair:2   | Found a sparkling altar of Nemelex Xobeh.
  6199 | Lair:2   | Reached skill level 10 in Evocations
  6208 | Lair:2   | Reached XP level 14. HP: 129/129 MP: 12/15
  6209 | Lair:2   | Found a staircase to the Snake Pit.
  6441 | Lair:3   | Found a staircase to the Shoals.
  6619 | Lair:4   | Found a staircase to the Slime Pits.
  6621 | Lair:4   | Found a viscous altar of Jiyva.
  6798 | Lair:4   | Reached skill level 14 in Fighting
  6968 | Lair:5   | Entered Level 5 of the Lair of Beasts
  7216 | Lair:5   | Reached skill level 15 in Fighting
  7616 | Lair:5   | Noticed Kirke
  7642 | Lair:5   | Reached XP level 15. HP: 111/141 MP: 6/16
  7650 | Lair:5   | Killed Kirke
  7906 | D:9      | Bought an ichor-stained helmet for 237 gold pieces
  7906 | D:9      | Identified the +2 helmet "Voetiut" {*Slow rN++ Slay+6 SInv}
                  | (You bought it in a shop on level 9 of the Dungeon)
  7936 | Orc:1    | Entered Level 1 of the Orcish Mines
  8168 | Orc:2    | Entered Level 2 of the Orcish Mines
  8168 | Orc:2    | Found a staircase to the Elven Halls.
  8359 | Orc:1    | Received a gift from Trog
  8360 | Orc:1    | Reached skill level 10 in Dodging
  8460 | Orc:2    | Reached skill level 16 in Fighting
  8479 | Orc:1    | HP: 5/144 [orc wizard/magic dart (5)]
  8737 | Orc:2    | Found Cemou's General Store.
  8737 | Orc:2    | Found Emumitir's Weapon Shoppe.
  8738 | Orc:2    | Found Batidwym's Antique Weapon Boutique.
  8738 | Orc:2    | Found Pecsit's General Store.
  8758 | Orc:2    | Bought a potion of heal wounds for 60 gold pieces
  8758 | Orc:2    | Bought a scroll of poison for 48 gold pieces
  8758 | Orc:2    | Bought a potion of ambrosia for 96 gold pieces
  8758 | Orc:2    | Bought a scroll of identify for 24 gold pieces
  8758 | Orc:2    | Bought a potion of mutation for 96 gold pieces
  9535 | D:11     | Found a hazy altar of Hepliaklqana.
  9876 | D:12     | Reached XP level 16. HP: 90/152 MP: 11/17
 10073 | D:13     | Identified the +8 chain mail "Bosm" {Str+3 Int+4}
 10080 | D:13     | Reached skill level 10 in Armour
 10355 | D:13     | Noticed Erolcha
 10364 | D:13     | Killed Erolcha
 10400 | D:13     | Found a gate to the Vaults.
 10569 | Snake:1  | Entered Level 1 of the Snake Pit
 10579 | Snake:1  | HP: 4/154 [naga sharpshooter/bolt (23)]
 10636 | Snake:1  | Found Wyse Cud's General Store.
 10654 | Snake:1  | Bought a scroll of blinking for 97 gold pieces
 10654 | Snake:1  | Bought a scroll of magic mapping for 97 gold pieces
 10694 | Snake:1  | Reached skill level 17 in Fighting
 10768 | Snake:1  | Received a gift from Trog
 10900 | Snake:1  | Found Weasilus's Assorted Antiques.
 10911 | Snake:1  | Bought a scroll of identify for 70 gold pieces
 11018 | Snake:1  | Found Voymeled's Weapon Shoppe.
 11020 | Snake:1  | Found Pifyij's Assorted Antiques.
 11023 | Snake:1  | Found Daasacux's Armour Shoppe.
 11028 | Snake:1  | Bought a green potion for 34 gold pieces
 11103 | Snake:2  | Reached XP level 17. HP: 161/161 MP: 18/18
 11119 | Snake:2  | Identified the +0 robe "Akkuohim" {rElec rF- Stlth+
                  | Archmagi}
 11293 | Snake:2  | HP: 3/162 [salamander tyrant (27)]
 11322 | Snake:2  | HP: 10/243 [salamander/+0 great sword (3)]
 11323 | Snake:2  | Killed from afar by a salamander tyrant

Illustrated notes

Levels and vault maps discovered:
D:1:      minmay_arrival_shattered_statue, layout_loops_ring,
          dreamdust_wishing_well
D:2:      layout_rooms, basic_altar, kennysheep_flooded_box
D:3:      layout_basic, overflow_temple_1_default,
          shapermc_ecumenical_altar_venn, nicolae_concentric_dashed_squares_wild
D:4:      layout_basic, lemuel_doored_altar, minmay_checkerbox
D:5:      layout_rooms, mainiacjoe_overflow_catwalk, serial_shops, shop,
          portal_sewer_entry_d, uniq_edmund
D:6:      layout_layer_cave, serial_shops, nicolae_shop_crystal, uniq_maggie
D:7:      layout_loops_ring, nicolae_vehumet_radiance,
          minmay_temple_entry_junction, serial_shops, shop, abandoned_shop,
          kennysheep_generic_room_8, uniq_duvessa
D:8:      layout_basic, gammafunk_temple_overflow_claw
D:9:      layout_roguey, serial_shops, nicolae_shop_crystal,
          nicolae_shop_behind_doors, kennysheep_little_box, shop,
          minmay_hollow_rounded_squares
D:10:     layout_loops_ring, mainiacjoe_overflow_24_doors,
          nicolae_qazlal_general_emergency, dpeg_lair_monsters,
          minmay_misc_feat_roman, st_stairs_2, laboratory
D:11:     wad_woods_pond, layout_basic, nicolae_hepliaklqana_monster_ancestors
D:12:     layout_stronghold
D:13:     minmay_big_diamond_grid, layout_long_grid, uniq_erolcha
Lair:1:   layout_hall_layers, minivault_19, serial_bayou_ford_a,
          grunt_megastairs_2
Lair:2:   beast_lair_carwin_large_2, layout_chaotic_city,
          minmay_snake_entry_six_corridors, basic_altar
Lair:3:   layout_layer_cave, shoals_dummy_entry, uniq_fannar
Lair:4:   layout_regular_city, slime_entry_1, serial_bayou_shore_a
Lair:5:   minmay_lair_end_enchanted_forest, layout_long_grid,
          nicolae_lair_lil_pond, uniq_kirke
Snake:1:  layout_onion, serial_shops, shop, nicolae_shop_hallway_plus,
          st_stairs_6, minmay_shop_star
Snake:2:  cheibrodos_snake_lava_hold, layout_misc_corridors, uniq_aizul
Orc:1:    layout_caves
Orc:2:    st_orc_elflike, layout_diamond_mine

Skill      XL: |  1  2  3  4  5  6  7  8  9 10 11 12 13 14 15 16 |
---------------+-------------------------------------------------+-----
Polearms       | 4 5 6 7 8 9 11 12 14 | 14.0
Dodging        | 3 4 7 9 11 12 | 12.9
Armour         | 3 4 5 6 7 9 11 | 11.8
Fighting       | 4 5 6 7 9 10 11 13 15 16 17 | 17.4
Shields        | 2 4 6 8 9 10 11 13 | 13.5
Evocations     | 1 6 10 13 | 13.0

Action                   |  1- 3 |  4- 6 |  7- 9 | 10-12 | 13-15 | 16-18 || total
-------------------------+-------+-------+-------+-------+-------+-------++-------
Melee: Spear             |    94 |    83 |   310 |    20 |       |       ||   507
       Punch             |       |     2 |       |       |       |       ||     2
       Trident           |       |       |       |   528 |  1068 |   326 ||  1922
Invok: Berserk           |     1 |     3 |     8 |    12 |     5 |     1 ||    30
       Trog's Hand       |       |       |     1 |     4 |    13 |     3 ||    21
       Brothers in Arms  |       |       |       |       |     7 |     4 ||    11
Evoke: Wand              |       |       |     3 |    11 |    13 |     3 ||    30
       Phial of floods   |       |       |       |       |       |     1 ||     1
  Use: Scroll            |     2 |     6 |     6 |     3 |    14 |     8 ||    39
       Potion            |       |       |     1 |     1 |     1 |     9 ||    12
 Stab: Invisible         |       |       |       |     4 |     1 |       ||     5
       Distracted        |       |       |       |       |       |     1 ||     1
Armor: Animal skin       |    20 |     3 |       |       |       |       ||    23
       Chain mail        |       |    14 |    88 |       |       |       ||   102
       Acid dragon scale |       |       |    31 |     2 |       |       ||    33
       Skin              |       |       |     8 |    14 |       |       ||    22
       Scale mail        |       |       |       |   108 |   275 |    71 ||   454
Dodge: Dodged            |    44 |    26 |    87 |   176 |   385 |   122 ||   840
Block: Kite shield       |       |       |   133 |   236 |   515 |   174 ||  1058

Table legend: (Time is in decaauts)
 A = Elapsed time spent in this place.
 B = Non-inter-level travel time spent in this place.
 C = Inter-level travel time spent in this place.
 D = Time resting spent in this place.
 E = Time spent auto-exploring this place.
 F = Levels seen in this place.
 G = Mean time per level.
                   A        B        C        D        E       F      G
               +--------+--------+--------+--------+--------+-----+--------+
         Total |  11132 |  10218 |    914 |    931 |    510 |  23 |  484.0 |
       Dungeon |   7072 |   6532 |    540 |    683 |    489 |  13 |  544.0 |
          Lair |   2424 |   2055 |    369 |     33 |      0 |   5 |  484.8 |
     Snake Pit |    713 |    708 |      5 |     54 |      0 |   2 |  356.5 |
  Orcish Mines |    833 |    833 |      0 |    160 |      0 |   2 |  416.5 |
         Sewer |     88 |     88 |      0 |      0 |     21 |   1 |   88.0 |
               +--------+--------+--------+--------+--------+-----+--------+

Top non-repeatable levels by time:
     D:9: 1149 daAuts
    D:10: 843 daAuts
    D:11: 720 daAuts
     D:7: 664 daAuts
  Lair:5: 662 daAuts
  Lair:1: 552 daAuts
     D:6: 529 daAuts
   Orc:1: 521 daAuts
     D:8: 512 daAuts
     D:5: 474 daAuts
  Lair:4: 465 daAuts
  Lair:2: 464 daAuts
 Snake:1: 459 daAuts
    D:13: 458 daAuts
    D:12: 415 daAuts
